 Dungeon Crawl Stone Soup version 0.29-a0-322-g68df515428 (webtiles) character file.

Game seed: 8684901378413829097

459 sammy202020 the Skirmisher (level 7, -5/67 HPs)
             Began as a Gargoyle Berserker on Apr 9, 2022.
             Was a Believer of Trog.
             Killed from afar by a steam dragon (16 damage)
             ... with a ball of steam
             ... on level 5 of the Dungeon.
             The game lasted 00:07:06 (4208 turns).

sammy202020 the Skirmisher (Gargoyle Berserker)     Turns: 4208, Time: 00:07:06

Health: -5/67      AC: 17    Str: 21    XL:     7   Next: 6%
Magic:  7/7        EV:  6    Int:  9    God:    Trog [**....]
Gold:   175        SH:  0    Dex:  9    Spells: 6/6 levels left

rFire   . . .      SeeInvis .   t - +0 morningstar
rCold   . . .      Faith    .   (no shield)
rNeg    + . .      Spirit   .   g - +0 plate armour
rPois   ∞          Reflect  .   l - +0 hat
rElec   +          Harm     .   (no cloak)
rCorr   .          Rampage  .   i - +0 pair of gloves
Will    .....                   (no boots)
Stlth   ..........              (no amulet)
HPRegen 0.21/turn               (no ring)
MPRegen 0.10/turn               (no ring)

@: berserking, very quick
A: sickness immunity, AC +4, negative energy resistance 1, electricity
resistance, torment resistance 1, petrification resistance
a: Renounce Religion, Berserk, Trog's Hand


You were on level 5 of the Dungeon.
You worshipped Trog.
Trog was pleased with you.
You visited 1 branch of the dungeon, and saw 5 of its levels.

You collected 175 gold pieces.

Inventory:

Hand Weapons
 a - a +0 mace
 p - a +1 vorpal hand crossbow
 r - a +0 flail
 t - a +0 morningstar (weapon)
Missiles
 b - 2 boomerangs
 f - 6 javelins (quivered)
 u - 5 poisoned darts
Armour
 g - a +0 plate armour (worn)
 i - a +0 pair of gloves (worn)
 l - a +0 hat (worn)
Jewellery
 j - an amulet of magic regeneration
Scrolls
 d - a scroll of enchant armour {unknown}
 h - a scroll of teleportation
 m - a scroll of vulnerability
 q - a scroll of brand weapon {unknown}
 v - 2 scrolls of identify
Potions
 c - 2 potions of haste
 e - 2 potions of attraction
 k - a potion of ambrosia
 n - a potion of invisibility {unknown}
 o - a potion of heal wounds {unknown}
 s - a potion of curing {unknown}


   Skills:
 * Level 5.9 Fighting
 * Level 5.3 Maces & Flails
 + Level 4.0 Armour
 - Level 1.5 Dodging


You had 6 spell levels left.
You didn't know any spells.
Your spell library was empty.

Dungeon Overview and Level Annotations

Branches:
Dungeon (5/15)             Temple (0/1) D:4

Altars:
Cheibriados
Dithmenos
Qazlal
Sif Muna


Innate Abilities, Weirdness & Mutations

You are immune to sickness and miasma.
Your stone body is resilient. (AC +4)
You are immune to poison.
You resist negative energy. (rN+)
You are resistant to electric shocks. (rElec)
You are resistant to unholy torment.
You are immune to petrification.


Message History

The steam dragon claws you but does no damage.
You barely miss the steam dragon.
The steam dragon is heavily wounded.
The steam dragon bites you but does no damage.
The steam dragon claws you but does no damage.
You hit the steam dragon.
The steam dragon is heavily wounded.
The steam dragon breathes steam at you. The ball of steam hits you!
You are too injured to fight recklessly!
You are too injured to fight recklessly!
You are too injured to fight recklessly!
You are too injured to fight recklessly!
You are too injured to fight recklessly!
You are too injured to fight recklessly!
You are too injured to fight recklessly!
You are too injured to fight recklessly!
You are too injured to fight recklessly!
You are too injured to fight recklessly!
You are too injured to fight recklessly!
You are too injured to fight recklessly!
You are too injured to fight recklessly!
You are too injured to fight recklessly!
You are too injured to fight recklessly!
Unknown command.
You closely miss the steam dragon.
The steam dragon is heavily wounded.
You are engulfed in a cloud of scalding steam.
* * * LOW HITPOINT WARNING * * *
The steam dragon bites you but does no damage.
The steam dragon claws you but does no damage.
The steam dragon bites you but does no damage.
The steam dragon claws you.
* * * LOW HITPOINT WARNING * * *
A red film seems to cover your vision as you go berserk!
You feel yourself moving faster!
You feel mighty!
You are engulfed in a cloud of scalding steam.
The steam dragon breathes steam at you. The ball of steam hits you!
You die...

.....................#
.##.....########...##
##...## #####.####
##.## ###........# #.#
#..........# #.#
#.#.###.#..# ##'##
#.#.###.#..# ##...##
#.#.#§§.# .#
##.....###.#.#@### .#
##.......##.#.#D#
#.........#.#....
+.........+......!
#.........####...##
##.......## ##...
##.....## ###. ##...##
.# ##'##


You could see a steam dragon (catching breath).

Vanquished Creatures
  A centaur (D:4)
  A phantom (D:5)
  A scorpion (D:4)
  An iguana (D:5)
  2 orc wizards (D:4)
  A mummy (D:4)
  4 gnolls (D:4)
  3 adders
  A worm (D:2)
  2 dart slugs
  10 orcs
  7 ball pythons
  5 bats
  9 endoplasms
  4 giant cockroaches
  3 goblins
  5 hobgoblins
  4 jackals (D:1)
  7 kobolds
  A quokka (D:1)
  2 frilled lizards
  5 rats (D:2)
79 creatures vanquished.

Notes
Turn   | Place    | Note
-------+----------+-------------------------------------------
     0 | D:1      | sammy202020 the Gargoyle Berserker began the quest for the
                  | Orb.
     0 | D:1      | Reached XP level 1. HP: 14/14 MP: 1/1
    77 | D:1      | Reached XP level 2. HP: 14/19 MP: 2/2
   562 | D:1      | Reached XP level 3. HP: 24/24 MP: 3/3
   600 | D:1      | Reached ** piety under Trog
  1201 | D:2      | Found a faded altar of an unknown god.
  1496 | D:2      | Reached XP level 4. HP: 27/29 MP: 4/4
  1794 | D:3      | Found a stormy altar of Qazlal.
  2664 | D:4      | Noticed a scorpion
  2684 | D:4      | Killed a scorpion
  2685 | D:4      | Reached XP level 5. HP: 34/34 MP: 5/5
  2725 | D:4      | Found a staircase to the Ecumenical Temple.
  3013 | D:4      | Noticed a centaur
  3021 | D:4      | Killed a centaur
  3022 | D:4      | Reached skill level 5 in Fighting
  3022 | D:4      | Reached XP level 6. HP: 33/40 MP: 6/6
  3208 | D:4      | Reached skill level 5 in Maces & Flails
  3452 | D:4      | Found a shadowy altar of Dithmenos.
  3853 | D:4      | Found a snail-covered altar of Cheibriados.
  3973 | D:4      | Found a shimmering blue altar of Sif Muna.
  4040 | D:5      | Entered Level 5 of the Dungeon
  4162 | D:5      | Reached XP level 7. HP: 41/45 MP: 7/7
  4199 | D:5      | Noticed a steam dragon
  4208 | D:5      | Killed from afar by a steam dragon

Illustrated notes

Levels and vault maps discovered:
D:1:      lightli_arrival_statue_moat, layout_basic, minmay_indecisive_spiral
D:2:      layout_basic, hellmonk_ecumenical_altar_lost_god
D:3:      layout_basic, mainiacjoe_overflow_chevrons, minmay_misc_feat_rows
D:4:      layout_loops_corners, nicolae_sif_muna_little_library,
          chei_slow_surprise, nicolae_dithmenos_the_darkroom,
          minmay_temple_entry_junction_2, minmay_misc_feat_alley,
          kennysheep_generic_room_13
D:5:      layout_loops_corners, mainiacjoe_overflow_big_doors

Skill      XL: |  1  2  3  4  5  6 |
---------------+-------------------+-----
Fighting       | 4 5 |  5.9
Maces & Flails | 4 5 |  5.3
Armour         | 3 4 |  4.0
Dodging        | |  1.5

Action                   |  1- 3 |  4- 6 |  7- 9 || total
-------------------------+-------+-------+-------++-------
Melee: Mace              |   105 |    33 |       ||   138
       Punch             |     1 |       |       ||     1
       Flail             |       |    10 |       ||    10
       Morningstar       |       |    70 |     7 ||    77
Invok: Berserk           |     1 |     4 |     1 ||     6
       Trog's Hand       |       |     2 |       ||     2
  Use: Scroll            |     7 |     4 |       ||    11
Armor: Animal skin       |     5 |       |       ||     5
       Plate armour      |    96 |   143 |    13 ||   252
Dodge: Dodged            |    52 |    56 |     2 ||   110

Table legend: (Time is in decaauts)
 A = Elapsed time spent in this place.
 B = Non-inter-level travel time spent in this place.
 C = Inter-level travel time spent in this place.
 D = Time resting spent in this place.
 E = Time spent auto-exploring this place.
 F = Levels seen in this place.
 G = Mean time per level.
                   A        B        C        D        E       F      G
               +--------+--------+--------+--------+--------+-----+--------+
         Total |   4302 |   4228 |     74 |     58 |   3349 |   5 |  860.4 |
       Dungeon |   4302 |   4228 |     74 |     58 |   3349 |   5 |  860.4 |
               +--------+--------+--------+--------+--------+-----+--------+

Top non-repeatable levels by time:
     D:4: 1451 daAuts
     D:1: 1059 daAuts
     D:3: 976 daAuts
     D:2: 641 daAuts
     D:5: 172 daAuts
